AoeStats
← chungwong0709

Arena

509278903Analyzed
1v1 RM · 6d ago on Sep 26, 2026· 46m 18s· 2 players
Game mode
Random Map
Map size
Tiny (2 player)
Population
200
Speed
Normal
Resources
Standard
Victory
Conquest
Starting age
Dark Age
Ending age
Imperial Age
RankedLock teamsTeams togetherTeam positionsShared explorationLock speedFull tech treeHidden civsTurbo modeCheats
Victory
Defeat
🇭🇰 Britons · Hong Kong SAR China
852
+18
🇲🇽 Japanese · Mexico
893
-18
chungwong0709
0:27 Loom
11:41 Feudal Age
16:07 Castle Age
14:10 Fletching
20:49 Crossbowman
24:21 Double-Bit Axe
24:19 Horse Collar
25:14 Bodkin Arrow
25:26 Town Watch
27:22 Wheelbarrow
27:23 Padded Archer Armor
29:08 Gold Mining
31:07 Leather Archer Armor
30:48 Man-at-Arms
31:34 Scale Mail Armor
32:05 Squires
32:10 Long Swordsman
35:45 Imperial Age
34:10 Bow Saw
34:20 Forging
33:48 Elite Skirmisher
34:37 Long Swordsman
37:29 Chemistry
36:59 Conscription
37:27 Yeomen
37:31 Bracer
38:57 Ring Archer Armor
38:58 Ballistics
39:02 Elite Longbowman
39:59 Warwolf
39:21 Two-Handed Swordsman
41:13 Chain Mail Armor
42:16 Iron Casting
41:40 Champion
42:53 Stone Mining
45:38 Blast Furnace
45:41 Hoardings
46:13 Two-Man Saw
himzura
0:38 Loom
11:44 Feudal Age
16:12 Wheelbarrow
17:47 Castle Age
15:47 Double-Bit Axe
16:12 Horse Collar
16:25 Stone Mining
18:00 Forging
17:47 Gold Mining
19:18 Bow Saw
18:55 Pikeman
19:37 Scale Mail Armor
20:04 Heavy Plow
22:04 Gold Shaft Mining
21:47 Fletching
21:53 Elite Skirmisher
22:34 Padded Archer Armor
23:25 Bodkin Arrow
23:57 Town Watch
25:09 Leather Archer Armor
27:31 Wheelbarrow
28:38 Iron Casting
29:40 Hand Cart
30:15 Scale Barding Armor
30:18 Town Patrol
32:07 Chain Barding Armor
32:06 Chain Mail Armor
31:54 Squires
31:17 Man-at-Arms
33:34 Chain Barding Armor
32:39 Long Swordsman
38:09 Imperial Age
37:20 Murder Holes
37:29 Gambesons
37:30 Arson
38:20 Capped Ram
39:53 Bracer
40:24 Ring Archer Armor
39:17 Onager
40:17 Elite Samurai
40:43 Onager
42:25 Blast Furnace
41:56 Plate Mail Armor
40:48 Two-Handed Swordsman
42:01 Champion
44:39 Ballistics
Connection lost

Rejoining the realm…

Still unreachable

The connection could not be restored.

Session expired

The server has moved on; the page needs a fresh start.